 Dungeon Crawl Stone Soup version 0.18.1-5-g4a78601 (webtiles) character file.

2647 shmeve the Cleaver (level 9, -9/123 HPs)
             Began as a Minotaur Berserker on May 10, 2016.
             Was an Elder of Trog.
             Mangled by a komodo dragon (20 damage)
             ... on level 8 of the Dungeon.
             The game lasted 00:11:09 (6046 turns).

shmeve the Cleaver (Minotaur Berserker)             Turns: 6046, Time: 00:11:10

Health: -9/123     AC: 14    Str: 29    XL:     9   Next: 36%
Magic:  8/8        EV:  9    Int:  5    God:    Trog [****..]
Gold:   398        SH:  0    Dex: 10    Spells: 0 memorised, 8 levels left

rFire  . . .     SeeInvis .     l - +0 battleaxe
rCold  . . .     Gourm    .     C - +0 plate armour
rNeg   + . .     Faith    .     (shield currently unavailable)
rPois  .         Spirit   .     (helmet restricted)
rElec  .         Dismiss  .     D - +0 cloak
rCorr  .         Reflect  .     (no gloves)
SustAt .         Harm     .     (no boots)
MR     .....                    H - amulet of regeneration
Stlth  ..........               q - ring of positive energy
                                t - ring of loudness (curse)

@: berserking, very quick, not resistant to hostile enchantments, extremely
unstealthy
A: retaliatory headbutt, horns 2
a: Berserk, Trog's Hand, Brothers in Arms, Burn Spellbooks, Renounce Religion


You were on level 8 of the Dungeon.
You worshipped Trog.
Trog was greatly pleased with you.
You were hungry.

You visited 1 branch of the dungeon, and saw 8 of its levels.

You collected 398 gold pieces.

Inventory:

Hand Weapons
 l - a +0 battleaxe (weapon)
 B - a +0 war axe
Armour
 C - a +0 plate armour (worn)
 D - a +0 cloak (worn)
Jewellery
 q - a ring of positive energy (right hand)
 t - a cursed ring of loudness (left hand)
 H - an amulet of regeneration (around neck)
Scrolls
 d - 3 scrolls of remove curse {unknown}
 e - 3 scrolls of teleportation {unknown}
 h - 11 scrolls of identify {unknown}
 k - 2 scrolls of immolation {unknown}
 n - 4 scrolls of magic mapping {unknown}
 o - 2 scrolls of enchant weapon {unknown}
 r - 2 scrolls of blinking {unknown}
 s - 2 scrolls of amnesia {unknown}
 v - a scroll of fear {unknown}
 z - a scroll of fog {unknown}
Potions
 a - a potion of brilliance {unknown}
 f - 3 potions of cure mutation {unknown}
 g - 5 potions of agility {unknown}
 i - 5 potions of flight {unknown}
 j - a potion of degeneration {unknown}
 m - 3 potions of curing {unknown}
 u - a potion of mutation {unknown}
 w - a potion of resistance
Comestibles
 b - 3 chunks of flesh
 c - 7 bread rations
 p - 4 meat rations
 x - 3 beef jerkies
 A - a slice of pizza
 E - a royal jelly
 F - a fruit


   Skills:
 * Level 8.8 Fighting
 * Level 9.0 Axes
 + Level 4.8 Throwing
 + Level 6.1 Armour
 + Level 5.7 Dodging


You had 8 spell levels left.
You didn't know any spells.

Dungeon Overview and Level Annotations

Branches:
Dungeon (8/15)             Temple (0/1) D:7
   Lair: D:8-11

Altars:


Innate Abilities, Weirdness & Mutations

You reflexively headbutt those who attack you in melee.
You have a pair of horns on your head.


Message History

The komodo dragon bites you!!
You hit the komodo dragon but do no damage.
The komodo dragon is heavily wounded.
The komodo dragon bites you!
* * * LOW HITPOINT WARNING * * *
You hit the komodo dragon but do no damage.
The komodo dragon is heavily wounded.
The komodo dragon bites you but does no damage.
A red film seems to cover your vision as you go berserk!
You feel yourself moving faster!
You feel mighty!
You are feeling hungry.
The komodo dragon bites you!!
* * * LOW HITPOINT WARNING * * *
The swamp drake bites you but does no damage.
You barely miss the komodo dragon.
The komodo dragon is heavily wounded.
You slash the swamp drake!
The swamp drake is moderately wounded.
The komodo dragon bites you!!
You die...

# ## ####.. .# #......
##### .#......#
.##.### ######........
#..##.# ###....l@k...#
##†...###........#####
##..........##.#.#
##########.#..##.#
##.### ## ###


You could see a komodo dragon and a swamp drake.

Vanquished Creatures
  A komodo dragon (D:8)
  Grinder (D:4)
  An ice beast (D:6)
  An orc warrior (D:6)
  2 sky beasts (D:5)
  A necrophage (D:8)
  2 ogres
  2 centaurs
  2 crocodiles (D:8)
  The ghost of blooo the Ruffian, an amateur GrGl (D:6)
  2 giant frogs
  2 scorpions
  A howler monkey (D:4)
  A crimson imp (D:7)
  A quasit (D:5)
  3 jellies
  3 hounds (D:7)
  4 orc priests
  5 orc wizards
  An iguana (D:4)
  5 worker ants
  A hound zombie (D:6)
  A worker ant zombie (D:8)
  3 gnolls (D:4)
  A howler monkey skeleton (D:7)
  7 adders
  2 shadow imps
  An ooze (D:4)
  An adder zombie (D:6)
  An adder skeleton (D:5)
  3 worms
  4 dart slugs
  6 giant geckos
  25 orcs
  5 ball pythons
  8 bats
  A giant cockroach (D:5)
  6 hobgoblins
  2 jackals (D:6)
  6 quokkas
  A giant cockroach zombie (D:5)
  A giant gecko skeleton (D:5)
  2 giant newts
  9 goblins
  4 kobolds
  5 rats
148 creatures vanquished.

Vanquished Creatures (others)
  A jackal (D:6)
1 creature vanquished.

Grand Total: 149 creatures vanquished

Notes
Turn   | Place    | Note
--------------------------------------------------------------
     0 | D:1      | shmeve the Minotaur Berserker began the quest for the Orb.
     0 | D:1      | Reached XP level 1. HP: 19/19 MP: 0/0
   213 | D:1      | Reached XP level 2. HP: 26/26 MP: 1/1
   285 | D:1      | Reached skill level 4 in Axes
   519 | D:2      | Reached XP level 3. HP: 18/33 MP: 2/2
   913 | D:2      | Reached ** piety under Trog
   914 | D:2      | Reached skill level 1 in Throwing
  1618 | D:2      | Reached XP level 4. HP: 28/40 MP: 3/3
  2150 | D:3      | Reached XP level 5. HP: 36/47 MP: 4/4
  2236 | D:3      | Reached *** piety under Trog
  2331 | D:3      | Reached skill level 5 in Axes
  2694 | D:4      | Noticed Grinder
  2704 | D:4      | Killed Grinder
  2704 | D:4      | Reached skill level 5 in Fighting
  2704 | D:4      | Reached XP level 6. HP: 53/56 MP: 5/5
  2745 | D:4      | Reached skill level 6 in Axes
  3146 | D:4      | Reached XP level 7. HP: 58/61 MP: 6/6
  3239 | D:5      | Entered Level 5 of the Dungeon
  3845 | D:6      | Reached skill level 7 in Axes
  3862 | D:6      | Reached XP level 8. HP: 59/71 MP: 7/7
  4022 | D:6      | Received a gift from Trog
  4311 | D:6      | Reached skill level 5 in Armour
  4598 | D:6      | Noticed blooo's ghost (amateur GrGl)
  4603 | D:6      | Killed blooo's ghost
  4603 | D:6      | Reached skill level 8 in Axes
  5013 | D:7      | Reached **** piety under Trog
  5062 | D:7      | Reached skill level 5 in Dodging
  5343 | D:7      | Found a staircase to the Ecumenical Temple.
  5424 | D:7      | Reached XP level 9. HP: 33/81 MP: 8/8
  5637 | D:7      | You fall through a shaft!
  5822 | D:8      | Noticed a komodo dragon
  5830 | D:8      | HP: 4/82 [komodo dragon (23)]
  5831 | D:8      | Killed a komodo dragon
  5831 | D:8      | Reached skill level 9 in Axes
  6036 | D:8      | Noticed a komodo dragon
  6046 | D:8      | Mangled by a komodo dragon

Skill      XL: |  1  2  3  4  5  6  7  8  9 |
---------------+----------------------------+-----
Axes           | 4 5 6 7 8 9 |  9.0
Fighting       | 4 5 6 8 |  8.8
Throwing       | 1 2 3 4 |  4.8
Armour         | 3 4 5 6 |  6.1
Dodging        | 3 4 5 |  5.7

Action                   |  1- 3 |  4- 6 |  7- 9 || total
-------------------------+-------+-------+-------++-------
Melee: Hand axe          |    52 |       |       ||    52
       Headbutt          |     9 |    16 |    38 ||    63
       Battleaxe         |    35 |    97 |   248 ||   380
Invok: Berserk           |     1 |       |     4 ||     5
       Trog's Hand       |       |     1 |     1 ||     2
       Burn Spellbooks   |       |       |     2 ||     2
 Stab: Sleeping          |     1 |       |       ||     1
  Eat: Chunk             |     3 |     5 |    13 ||    21
Armor: Animal skin       |    18 |     4 |       ||    22
       Chain mail        |       |    53 |   163 ||   216
       Plate armour      |       |       |    59 ||    59
Dodge: Dodged            |    71 |    76 |   152 ||   299
